 Dungeon Sprint DCSS version 0.21-a0-274-gc1afaeb (webtiles) character file.

126 Kidiri the Thaumaturge (level 4, -2/24 HPs)
             Began as a Deep Elf Fire Elementalist on Sept 18, 2017.
             Was an Initiate of Vehumet.
             Killed from afar by a deep elf mage (26 damage)
             ... with a bolt of magma
             ... in the Dungeon (Sprint III: "The Ten Rune Challenge").
             The game lasted 00:02:22 (423 turns).

Kidiri the Thaumaturge (Deep Elf Fire Elementalist)  Turns: 423, Time: 00:02:23

Health: -2/24      AC:  2    Str:  5    XL:     4   Next: 83%
Magic:  16/17      EV: 13    Int: 21    God:    Vehumet [......]
Gold:   23         SH:  0    Dex: 15    Spells: 8/21 levels left

rFire    . . .     SeeInvis .   j - +0 dagger
rCold    . . .     Gourm    .   (no shield)
rNeg     . . .     Faith    .   a - +0 robe
rPois    .         Spirit   .   (no helmet)
rElec    .         Reflect  .   (no cloak)
rCorr    .         Harm     .   (no gloves)
MR       .....     NoTele   +   (no boots)
Stlth    ++........             (no amulet)
HPRegen  0.08/turn              (no ring)
MPRegen  0.15/turn              (no ring)

@: no status effects
A: no striking features
a: Renounce Religion


You were in the Dungeon.
You worshipped Vehumet.
Vehumet was noncommittal.
You were not hungry.

You visited 1 branch You collected 23 gold pieces.

Inventory:

Hand Weapons
 j - a +0 dagger (weapon)
Armour
 a - a +0 robe (worn)
Scrolls
 i - a scroll of blinking
 k - 3 scrolls of identify {unknown}
 m - a scroll of holy word {unknown}
 n - 4 scrolls of remove curse
 p - a scroll of immolation {unknown}
Potions
 d - 3 potions of curing
 e - a potion of heal wounds
 f - a potion of haste
 g - 2 potions of magic
 h - a potion of berserk rage
 l - 3 potions of mutation {unknown}
 q - a potion of flight {unknown}
Books
 b - a book of Flames

   Spells                             Type                      Level
   a - Flame Tongue                   Conjuration/Fire             1
   b - Throw Flame                    Conjuration/Fire             2
   c - Conjure Flame                  Conjuration/Fire             3
   d - Inner Flame                    Hexes/Fire                   3
   e - Sticky Flame                   Conjuration/Fire             4
   f - Fireball                       Conjuration/Fire             5
 r - a book of Cantrips

   Spells                             Type                      Level
   a - Confusing Touch                Hexes                        1
   b - Animate Skeleton               Necromancy                   1
   c - Summon Small Mammal            Summoning                    1
   d - Apportation                    Translocation                1
 s - a book of Misfortune

   Spells                             Type                      Level
   a - Confusing Touch                Hexes                        1
   b - Confuse                        Hexes                        3
   c - Gell's Gravitas                Translocation                3
   d - Petrify                        Transmutation/Earth          4
   e - Metabolic Englaciation         Hexes/Ice                    5
   f - Yara's Violent Unravelling     Hexes/Transmutation          5
Comestibles
 c - a bread ration
 o - 2 royal jellies


   Skills:
 + Level 0.0 Fighting
 + Level 0.0 Short Blades
 + Level 0.0 Armour
 + Level 2.4 Dodging
 - Level 2.4 Stealth
 * Level 9.4 Spellcasting
 + Level 5.2 Conjurations
 + Level 6.2 Fire Magic


You had 8 spell levels left.
You knew the following spells:

 Your Spells              Type           Power        Failure   Level  Hunger
a - Flame Tongue          Conj/Fire      ####.        1%          1    None
b - Throw Flame           Conj/Fire      ####..       1%          2    None
c - Conjure Flame         Conj/Fire      ####....     1%          3    None
d - Inner Flame           Hex/Fire       ###.....     6%          3    None
e - Sticky Flame          Conj/Fire      ####....     6%          4    ##.....


Dungeon Overview and Level Annotations

Branches:
Dungeon (1/1)

Altars:
Elyvilon
Kikubaaqudgha
Sif Muna
Vehumet
Zin
The Shining One


Message History

The deep elf mage picks up a potion of heal wounds.
Found two altars.
There is an open door here.
Unknown command.
Casting: Flame Tongue
Confirm with . or Enter, or press ? or * to list all spells.
Aiming: Flame Tongue
Press: ? - help, Shift-Dir - straight line, f - deep elf mage
Aim: a deep elf mage, wielding a long sword of holy wrath The flame tongue hits the deep elf mage.
The deep elf mage is lightly wounded.
The deep elf mage casts a spell.
The deep elf mage blinks!
Unknown command.
You close the door.
A deep elf mage opens the door.
The deep elf mage casts a spell at you. The bolt of magma hits you!
Ouch! That really hurt!
You die...

▓▓▓▓ ▓▓▓ (..####
##.#####
......#####..#___#
.......#..#..#...#
#.##...#..#..###@#+###+
#.###..##+#..#...e......
##.##..###...'.⌠........
..##..####...#...######+
..##..###....#.⌠.#
.##...##.....#...#
##....#......#+###
##..##.#.....#.%.#
#..#####....#___#


You could see a deep elf mage.

Vanquished Creatures
  A water elemental (D)
  A wizard (D)
  A human (D)
  A kobold demonologist (D)
  A phantom (D)
  4 rats (D)
9 creatures vanquished.

Vanquished Creatures (others)
  2 draconian scorchers (D)
  6 hellions (D)
  A yaktaur (D)
9 creatures vanquished.

Grand Total: 18 creatures vanquished

Notes
Turn   | Place    | Note
-------+----------+-------------------------------------------
     0 | D        | Kidiri the Deep Elf Fire Elementalist began the quest for the Orb.
     0 | D        | Reached XP level 1. HP: 10/10 MP: 6/6
    61 | D        | Reached skill level 4 in Spellcasting
   104 | D        | Reached skill level 6 in Spellcasting
   104 | D        | Reached XP level 2. HP: 12/15 MP: 2/11
   108 | D        | Learned a level 2 spell: Throw Flame
   128 | D        | Killed a hellion
   130 | D        | Killed a hellion
   131 | D        | Killed a hellion
   131 | D        | Killed a hellion
   180 | D        | Noticed a water elemental
   186 | D        | Killed a water elemental
   186 | D        | Reached skill level 8 in Spellcasting
   186 | D        | Reached skill level 5 in Fire Magic
   186 | D        | Reached XP level 3. HP: 10/19 MP: 8/14
   186 | D        | Reached XP level 4. HP: 13/24 MP: 9/16
   191 | D        | Learned a level 3 spell: Conjure Flame
   195 | D        | Learned a level 3 spell: Inner Flame
   199 | D        | Killed a hellion
   200 | D        | Learned a level 4 spell: Sticky Flame
   265 | D        | Killed a hellion
   280 | D        | Killed a white draconian scorcher
   292 | D        | Killed a white draconian scorcher
   321 | D        | Found a radiant altar of Vehumet.
   322 | D        | Found a deep blue altar of Sif Muna.
   322 | D        | Found an ancient bone altar of Kikubaaqudgha.
   322 | D        | Noticed a wizard
   324 | D        | Killed a wizard
   324 | D        | Reached skill level 9 in Spellcasting
   324 | D        | Reached skill level 5 in Conjurations
   330 | D        | Became a worshipper of Vehumet
   362 | D        | Killed a yaktaur
   417 | D        | Found a glowing silver altar of Zin.
   418 | D        | Found a glowing golden altar of the Shining One.
   418 | D        | Found a white marble altar of Elyvilon.
   418 | D        | Noticed a deep elf mage
   423 | D        | Killed from afar by a deep elf mage

Vault maps used:
D:        dungeon_sprint_mu

Skill      XL: |  1  2  3  4 |
---------------+-------------+-----
Spellcasting   | 6 8 9 |  9.4
Conjurations   | 3 4 5 |  5.2
Fire Magic     | 4 5 6 |  6.2
Dodging        | |  2.4
Stealth        | |  2.4

Action                   |  1- 3 |  4- 6 || total
-------------------------+-------+-------++-------
 Cast: Flame Tongue      |    14 |     3 ||    17
       Sticky Flame      |       |     2 ||     2
Dodge: Dodged            |     1 |     1 ||     2

Table legend:
 A = Spawn XP
 B = Non-spawn XP
 C = Spawn XP percentage of total XP
 D = Spawn monster count
 E = Non-spawn monster count
 F = Spawn count percentage of total count
 G = Total turns spent on level
                    A         B        C        D         E        F      G
               +---------+---------+-------+---------+---------+-------+---------
         Total |       0 |     180 |   0.0 |       0 |       9 |   0.0 |   423
               +---------+---------+-------+---------+---------+-------+---------
             D |       0 |     180 |   0.0 |       0 |       9 |   0.0 |   423
               +---------+---------+-------+---------+---------+-------+---------
